 Dungeon Crawl Stone Soup version 0.17-b1-25-g6d8775f (webtiles) character file.

17059 st0uf the Arsonist (level 12, 0/106 HPs)
             Began as a Grey Draconian Fire Elementalist on Nov 5, 2015.
             Was the Champion of Jiyva.
             Slain by a hog (4 damage)
             ... led by Kirke
             ... on level 5 of the Lair of Beasts.
             The game lasted 01:43:05 (12483 turns).

st0uf the Arsonist (DrFE)                          Turns: 12483, Time: 01:43:05

Health: 0/106      AC:  0    Str:  5    XL:     12   Next: 15%
Magic:  18/18      EV: 21    Int: 22    God:    Jiyva [******]
Gold:   553        SH:  0    Dex: 16    Spells: 3 memorised, 11 levels left

rFire  . . .     SeeInvis .     (weapon currently unavailable)
rCold  . . .     Clarity  .     (armour unavailable)
rNeg   + . .     SustAt   .     (shield currently unavailable)
rPois  .         Gourm    .     (helmet currently unavailable)
rElec  .         Spirit   .     (cloak currently unavailable)
rCorr  +         Warding  +     (gloves currently unavailable)
rMut   .         Stasis   .     (boots currently unavailable)
MR     .....                    e - amulet of warding
Stlth  ++........               (ring currently unavailable)
                                (ring currently unavailable)

@: pig-form, slowed, not resistant to hostile enchantments, unstealthy
A: (walk through water), unfitting armour, (beak), (hooves 0), (stinger 0),
mutation resistance 1, (unbreathing), (eyeballs 0), (gelatinous body 0),
(tendrils), (cold-blooded), AC +13
a: Request Jelly, Jelly Paralyse, Slimify, Cure Bad Mutation, Renounce Religion


You were on level 5 of the Lair of Beasts.
You worshipped Jiyva.
Jiyva was exalted by your worship.
You were completely stuffed.
You were a filthy swine.
You visited 2 branches of the dungeon, and saw 15 of its levels.

You collected 553 gold pieces.

Inventory:

Hand Weapons
 C - the +6 great sword of Zearphose (melded) {slice, *Drain rC+ Str+6 Dex+2}
   (You found it on level 6 of the Dungeon)

   It inflicts extra damage upon your enemies.
   It affects your strength (+6).
   It affects your dexterity (+2).
   It protects you from cold.
   It causes draining when unequipped.
Missiles
 c - 141 arrows
 q - 40 poisoned needles
Armour
 r - a +0 pair of gloves (melded)
 F - a +0 cloak (melded)
 H - a +1 buckler
 I - a +1 hat (melded)
Jewellery
 e - an amulet of warding (around neck)
 p - an uncursed ring of fire {unknown}
 y - a +4 ring of protection (melded)
 B - an uncursed ring of ice
 D - a +3 ring of dexterity (melded)
 E - an uncursed ring of teleportation
 Q - the amulet of the Air {Inacc +Fly rElec EV+5 RMsl}
   (You found it on level 4 of the Lair of Beasts)

   [amulet of inaccuracy]

   It reduces the accuracy of all your attacks.
   It affects your evasion (+5).
   It insulates you from electricity.
   It lets you fly.
   It protects you from missiles.
Wands
 m - a wand of magic darts (32)
 z - a wand of random effects (26)
 K - a wand of paralysis (15)
Scrolls
 d - a scroll of recharging
 f - 2 scrolls of blinking
 i - a scroll of random uselessness
 j - 4 scrolls of remove curse
 k - 2 scrolls of enchant armour
 o - 3 scrolls of enchant weapon {unknown}
 t - 4 scrolls of teleportation {unknown}
 u - a scroll of fear {unknown}
 A - a scroll of amnesia {unknown}
 G - 2 scrolls of fog {unknown}
 N - a scroll of holy word {unknown}
Potions
 g - a potion of mutation {unknown}
 l - 4 potions of haste
 n - a potion of ambrosia {unknown}
 w - 3 potions of curing
 x - a potion of invisibility {unknown}
 L - a potion of lignification {unknown}
 R - a potion of berserk rage {unknown}
 T - a potion of resistance {unknown}
Books
 a - a book of Flames

   Spells                             Type                      Level
   a - Flame Tongue                   Conjuration/Fire             1
   b - Throw Flame                    Conjuration/Fire             2
   c - Conjure Flame                  Conjuration/Fire             3
   d - Inner Flame                    Hexes/Fire                   3
   e - Sticky Flame                   Conjuration/Fire             4
   f - Fireball                       Conjuration/Fire             5
 O - a book of Conjurations

   Spells                             Type                      Level
   a - Magic Dart                     Conjuration                  1
   b - Searing Ray                    Conjuration                  2
   c - Dazzling Spray                 Conjuration/Hexes            3
   d - Fulminant Prism                Conjuration/Hexes            4
   e - Iskenderun's Mystic Blast      Conjuration                  4
   f - Iskenderun's Battlesphere      Conjuration/Charms           5
 S - a book of Party Tricks

   Spells                             Type                      Level
   a - Summon Butterflies             Summoning                    1
   b - Apportation                    Translocation                1
   c - Tukima's Dance                 Hexes                        3
   d - Alistair's Intoxication        Transmutation/Poison         4
   e - Invisibility                   Hexes                        6
Comestibles
 b - 6 bread rations
 h - 3 beef jerkies
 s - 3 meat rations
 v - a slice of pizza
 M - 5 fruits


   Skills:
 + Level 9.8 Fighting
 + Level 8.9 Long Blades
 + Level 9.1 Dodging
 - Level 1.7 Stealth
 - Level 5.5 Shields
 - Level 4.0 Spellcasting
 - Level 4.0 Conjurations
 + Level 10.0 Fire Magic


You had 11 spell levels left.
You knew the following spells:

 Your Spells              Type           Power        Failure   Level  Hunger
a - Flame Tongue          Conj/Fire      #####        1%          1    None
b - Conjure Flame         Conj/Fire      #####...     1%          3    ###....
c - Sticky Flame          Conj/Fire      #####...     8%          4    ####...


Dungeon Overview and Level Annotations

Branches:
Dungeon (10/15)            Temple (0/1) D:6            Lair (5/8) D:9
 Shoals (0/4) Lair:3       Spider (0/4) Lair:3          Orc (0/4) D:9

Altars:
Dithmenos
Kikubaaqudgha
Makhleb
Yredelemnul
The Shining One
Jiyva

Annotations:
D:5 Grinder
Lair:5 Kirke


Innate Abilities, Weirdness & Mutations

((You can walk through water.))
((Your dull iron-grey scales are very hard (AC +13).))
Your body does not fit into most forms of armour.
((You can survive without breathing.))
((You are cold-blooded and may be slowed by cold attacks.))
((You have a beak for a mouth.))
((You have large cloven feet.))
((Your tail ends in a poisonous barb.))
You are somewhat resistant to further mutation.
((Your body is partially covered in golden eyeballs (Acc +3).))
((Your rubbery body absorbs attacks (AC +1).))
((You are covered in slimy tendrils that may disarm your opponents.))


Message History

Kirke casts a spell at you.
You struggle to resist.
The hog misses you. The hog misses you. The hog bites you.
The hog closely misses you.
The hog is no longer covered in acid.
The hog bites you. The hog bites you! The hog bites you!
* * * LOW HITPOINT WARNING * * *
The jelly completely misses Kirke.
The hog completely misses you.
Jiyva's power touches on your attributes.
The hog bites you!
* * * LOW HITPOINT WARNING * * *
The hog bites you!
* * * LOW HITPOINT WARNING * * *
The hog closely misses you. The hog misses you. The hog bites you.
You die...

#............................
#.........P..................
.#.#....#.....................
#.....#.......................
#.P...........#J...@..........
#............#................
.#.#.......J..................
#.<........hh...............
#..........hhh..............
#......<....................
###..................#......
#P........................
##...#.............P......
###..................P...P.
#.............P.......>....
##.........................
#.......(..................


You could see Kirke, 4 hogs and 2 neutral jellies (fellow slime).

Vanquished Creatures
  2 hydras
  A black mamba (Lair:3)
  Joseph (D:7)
  3 komodo dragons
  8 spiny frogs
  A fire drake (Lair:3)
  2 two-headed ogres
  3 blink frogs (Lair:1)
  2 hogs (Lair:5)
  A deep elf fighter (D:9)
  19 yaks
  3 hippogriffs
  A basilisk (Lair:3)
  3 vampire mosquitoes (D:9)
  2 orc warriors
  Duvessa (D:7)
  8 water moccasins
  7 porcupines
  A necrophage (D:7)
  4 ice beasts
  3 sky beasts
  5 ogres
  8 spiders (Lair:3)
  7 crocodiles
  2 phantoms
  2 centaurs
  11 giant frogs
  A water moccasin skeleton (D:7)
  2 scorpions (D:7)
  6 killer bees (D:7)
  An electric eel (D:8)
  5 iguanas
  A giant frog zombie (D:6)
  6 orc wizards
  Crazy Yiuf (D:7)
  5 worker ants
  2 giant frog skeletons
  2 centaur skeletons
  A killer bee zombie (D:8)
  11 sheep
  A hound zombie (D:9)
  3 hound skeletons
  A worker ant zombie (D:8)
  40 river rats
  4 gnolls
  9 adders
  4 shadow imps
  An adder skeleton (D:7)
  4 worms
  2 giant geckos (D:7)
  21 orcs
  2 giant cockroaches
  5 hobgoblins
  10 jackals
  8 kobolds
  3 quokkas
  15 bats
  3 giant newts
  5 goblins
  A quokka skeleton (D:8)
  18 rats
315 creatures vanquished.

Vanquished Creatures (others)
  An oklob plant (Lair:5)
  Sigmund (D:6)
  A vampire mosquito (D:9)
  A warg (D:10)
  A black bear (D:7)
  An ogre (D:9)
  A phantom (D:7)
  2 centaurs
  5 giant frogs
  Blork the orc (D:6)
  A scorpion (D:4)
  Dowan (D:7)
  2 electric eels (Lair:1)
  55 jellies
  A crimson imp (D:10)
  2 orc priests
  2 orc wizards
  A giant frog skeleton (D:6)
  2 hounds (D:8)
  An iguana (Lair:1)
  3 worker ants
  A hound zombie (D:6)
  2 adders
  7 river rats (Lair:3)
  An ooze (D:9)
  2 adder skeletons
  A giant gecko (D:3)
  10 orcs
  3 giant cockroaches
  A goblin (D:3)
  A jackal (D:9)
  A bat (D:3)
  2 giant newts
  A rat (D:9)
  10 fungi
  A plant (D:9)
130 creatures vanquished.

Grand Total: 445 creatures vanquished

Notes
Turn   | Place    | Note
--------------------------------------------------------------
     0 | D:1      | st0uf the Draconian Fire Elementalist began the quest for the Orb.
     0 | D:1      | Reached XP level 1. HP: 14/14 MP: 3/3
   410 | D:1      | Reached XP level 2. HP: 17/20 MP: 1/5
   973 | D:1      | HP: 1/20 [goblin/dagger of electrocution (18)]
  1407 | D:2      | Reached XP level 3. HP: 24/26 MP: 0/6
  1734 | D:2      | Found a faded altar to an unknown god.
  1748 | D:2      | Became a worshipper of Jiyva Jeipu the Shapeless
  1748 | D:2      | Reached * piety under Jiyva
  2054 | D:3      | Reached XP level 4. HP: 33/33 MP: 4/8
  2059 | D:3      | Learned a level 3 spell: Conjure Flame
  2235 | D:3      | Found a shadowy altar of Dithmenos.
  2450 | D:3      | Reached ** piety under Jiyva
  2858 | D:4      | Noticed an ogre
  2954 | D:4      | Killed an ogre
  2954 | D:4      | Reached XP level 5. HP: 26/38 MP: 5/9
  2997 | D:4      | Found a glowing golden altar of the Shining One.
  3000 | D:4      | Noticed an angel
  3003 | D:4      | Found a basalt altar of Yredelemnul.
  3006 | D:4      | Noticed a profane servitor
  3378 | D:5      | Entered Level 5 of the Dungeon
  3459 | D:5      | Reached *** piety under Jiyva
  3483 | D:5      | Reached skill level 4 in Fire Magic
  3536 | D:5      | Noticed a centaur
  3562 | D:5      | Killed a centaur
  3571 | D:5      | Noticed an ogre
  3578 | D:5      | Killed an ogre
  3924 | D:5      | Killed a centaur
  3924 | D:5      | Reached XP level 6. HP: 31/45 MP: 1/11
  4088 | D:6      | Noticed Grinder
  4088 | D:6      | Gained mutation: Your rubbery body absorbs attacks (AC +1). [Jiyva's grace]
  4171 | D:6      | Paralysed by Grinder for 6 turns
  4203 | D:6      | Got a bloodstained great sword
  4204 | D:6      | Identified the +6 great sword of Zearphose {slice, *Drain rC+ Str+6 Dex+2} (You found it on level 6 of the Dungeon)
  4208 | D:6      | Killed Sigmund
  4211 | D:6      | Reached **** piety under Jiyva
  4444 | D:6      | Your scales start taking on a dull iron-grey colour.
  4444 | D:6      | Gained mutation: You can survive without breathing. [Grey Draconian growth]
  4444 | D:6      | Reached XP level 7. HP: 43/50 MP: 3/12
  4542 | D:6      | Noticed Blork the orc
  4619 | D:6      | Killed Blork the orc
  4620 | D:6      | Gained mutation: You are somewhat resistant to further mutation. [Jiyva's grace]
  4649 | D:6      | Found a staircase to the Ecumenical Temple.
  5074 | D:7      | Noticed Duvessa
  5074 | D:7      | Noticed Dowan
  5092 | D:7      | Killed Dowan
  5093 | D:7      | Killed Duvessa
  5093 | D:7      | Reached skill level 1 in Fighting
  5093 | D:7      | Reached skill level 1 in Long Blades
  5093 | D:7      | Reached skill level 5 in Fire Magic
  5192 | D:7      | Reached XP level 8. HP: 48/62 MP: 5/14
  5195 | D:7      | Reached ***** piety under Jiyva
  5251 | D:7      | Reached skill level 5 in Dodging
  5281 | D:7      | Reached skill level 6 in Fire Magic
  5381 | D:7      | Gained mutation: You have a beak for a mouth. [Jiyva's grace]
  5493 | D:7      | Reached XP level 9. HP: 72/72 MP: 10/15
  5668 | D:7      | Noticed Joseph
  5701 | D:7      | Killed Joseph
  5701 | D:7      | Reached skill level 5 in Fighting
  5842 | D:7      | Noticed Crazy Yiuf
  5849 | D:7      | Killed Crazy Yiuf
  5849 | D:7      | Reached skill level 7 in Fire Magic
  5869 | D:7      | Lost mutation: Your rubbery body absorbs attacks (AC +1). [Jiyva's grace]
  5930 | D:7      | Found an ancient bone altar of Kikubaaqudgha.
  6654 | D:8      | Reached skill level 5 in Long Blades
  6707 | D:8      | Gained mutation: You have large cloven feet. [Jiyva's grace]
  7036 | D:8      | Gained mutation: Your rubbery body absorbs attacks (AC +1). [Jiyva's grace]
  7139 | D:8      | Learned a level 4 spell: Sticky Flame
  7212 | D:9      | Found a burning altar of Makhleb.
  7336 | D:9      | Reached ****** piety under Jiyva
  7443 | D:9      | Reached XP level 10. HP: 47/84 MP: 11/16
  7648 | D:9      | Found a staircase to the Lair.
  7664 | D:9      | Gained mutation: Your body is partially covered in golden eyeballs (Acc +3). [Jiyva's grace]
  7669 | D:9      | Reached skill level 8 in Fire Magic
  7833 | D:9      | Found a staircase to the Orcish Mines.
  7991 | D:10     | Entered Level 10 of the Dungeon
  8066 | D:10     | Gained mutation: Your flesh is heat resistant. [Jiyva's grace]
  8497 | Lair:1   | Entered Level 1 of the Lair of Beasts
  8569 | Lair:1   | Reached skill level 1 in Shields
  8709 | Lair:1   | Got a steaming mace
  8747 | Lair:1   | Gained mutation: You are covered in slimy tendrils that may disarm your opponents. [Jiyva's grace]
  8860 | Lair:1   | You fall through a shaft!
  9019 | Lair:1   | Reached XP level 11. HP: 81/94 MP: 10/17
  9052 | Lair:1   | Reached skill level 9 in Fire Magic
  9063 | Lair:1   | Gained mutation: Your pliable body absorbs attacks (AC +1, EV +1). [Jiyva's grace]
  9986 | Lair:2   | Lost mutation: Your flesh is heat resistant. [Jiyva's grace]
 10518 | Lair:3   | Found a hole to the Spider Nest.
 10717 | Lair:3   | Gained mutation: Your tail ends in a poisonous barb. [Jiyva's grace]
 10899 | Lair:3   | Got an ichor-stained battleaxe
 11053 | Lair:3   | Found a staircase to the Shoals.
 11223 | Lair:3   | Noticed a five-headed hydra
 11271 | Lair:3   | Killed a five-headed hydra
 11271 | Lair:3   | Reached skill level 5 in Shields
 11829 | Lair:4   | Reached XP level 12. HP: 105/105 MP: 18/18
 11984 | Lair:4   | Lost mutation: Your pliable body absorbs attacks (AC +1, EV +1). [Jiyva's grace]
 12094 | Lair:4   | Identified the +3 mace "Arobraen" {drain, rF+ rN+} (You found it on level 1 of the Lair of Beasts)
 12095 | Lair:4   | Identified the cursed +0 battleaxe "Cuhivurph" {chop, Dex+3} (You found it on level 3 of the Lair of Beasts)
 12327 | Lair:5   | Noticed a four-headed hydra
 12348 | Lair:5   | Killed a four-headed hydra
 12348 | Lair:5   | Reached skill level 10 in Fire Magic
 12431 | Lair:5   | Noticed Kirke
 12481 | Lair:5   | HP: 4/106 [hog[Kirke] (11)]
 12483 | Lair:5   | Slain by a hog

Action                   |  1- 3 |  4- 6 |  7- 9 | 10-12 || total
-------------------------+-------+-------+-------+-------++-------
Melee: Unarmed           |    40 |       |       |     1 ||    41
       Dagger            |     5 |    17 |       |       ||    22
       Great sword       |       |     4 |    86 |   366 ||   456
 Cast: Flame Tongue      |    64 |    95 |   144 |    51 ||   354
       Conjure Flame     |       |     4 |    28 |     6 ||    38
       Sticky Flame      |       |       |     2 |    37 ||    39
Invok: Slimify           |       |     1 |       |     1 ||     2
       Request Jelly     |       |       |     3 |     7 ||    10
       Cure Bad Mutation |       |       |       |     1 ||     1
  Use: Scroll            |       |     1 |     5 |     5 ||    11
 Stab: Sleeping          |       |       |       |     2 ||     2
       Confused          |       |       |       |     3 ||     3
  Eat: Chunk             |     4 |     3 |     3 |       ||    10
